MLB
WASHINGTON NATIONALS @ TEXAS RANGERS
03/07/2026
 
TOP OF THE 1ST
Washington Nationals batting - Pitching for Texas Rangers : LHP Brock Burke
Pitching: LHP Brock Burke
Batting: LHB Max Kepler 0-0: Foul Ball, location: 2F
0-1: Swinging Strike
0-2: Ball
1-2: Ball
2-2: Strikes out swinging
Batting: RHB Pedro Pineda 0-0: DOUBLE (Line Drive, 3D, EV 101.9 MPH)
Batting: LHB Greg Hohenberger 0-0: Foul Ball, location: 2F
0-1: Foul Ball, location: 2F
0-2: Foul Ball, location: 2F
0-2: Strikes out looking
Batting: RHB Jordan Walker 0-0: Called Strike
0-1: Ball
1-1: Foul Ball, location: 2F
1-2: Strikes out looking
Top of the 1st over - 0 runs, 1 hit, 0 errors, 1 left on base; Washington 0 - Texas 0
BOTTOM OF THE 1ST
Texas Rangers batting - Pitching for Washington Nationals : RHP Chris Lange
Pitching: RHP Chris Lange
Batting: SHB Leody Taveras 0-0: SINGLE (Groundball, 34D, EV 108.1 MPH)
Batting: RHB Matt Whatley 0-0: Called Strike
0-1: Ball
1-1: Called Strike
1-2: Ball
2-2: Foul Ball, location: 2F
2-2: Foul Ball, location: 2F
2-2: Foul Ball, location: 2F
2-2: Foul Ball, location: 2F
2-2: Fly out, F7 (Flyball, 7LM, EV 85.6 MPH)
Batting: RHB Vladimir Guerrero Jr. 0-0: Called Strike
0-1: Ball
1-1: Ball
2-1: Foul Ball, location: 2F
2-2: Ball
3-2: SINGLE (Groundball, 56D, EV 99.4 MPH)
Leody Taveras to second
Leody Taveras to third
Batting: RHB Chris Baldino 0-0: Called Strike
0-1: SINGLE (Line Drive, 56D, EV 95.0 MPH)
Leody Taveras scores
Vladimir Guerrero Jr. to second
Batting: RHB Jose Abreu 0-0: Called Strike
0-1: Ball
1-1: Fly out, F8 (Flyball, 8LM, EV 86.2 MPH)
Batting: RHB Josh Jung 0-0: Ball
1-0: Foul Ball, location: 2F
1-1: Ball
2-1: Ball
3-1: Base on Balls
Vladimir Guerrero Jr. to third
Chris Baldino to second
Batting: LHB Oscar Colas 0-0: Called Strike
0-1: Swinging Strike
0-2: Foul Ball, location: 2F
0-2: Ball
1-2: Ground out 3-1 (Groundball, 34, EV 101.2 MPH)
Bottom of the 1st over - 1 run, 3 hits, 0 errors, 3 left on base; Washington 0 - Texas 1
TOP OF THE 2ND
Washington Nationals batting - Pitching for Texas Rangers : LHP Brock Burke
Batting: SHB Logan Davidson 0-0: Foul Ball, location: 2F
0-1: Ground out 6-3 (Groundball, 6, EV 84.4 MPH)
Batting: RHB Victor Diaz 0-0: Called Strike
0-1: Foul Ball, location: 2F
0-2: Ball
1-2: Ball
2-2: Ball
3-2: Strikes out swinging
Batting: RHB Josh Stone 0-0: Foul Ball, location: 2F
0-1: Fly out, F9 (Flyball, 89M, EV 85.6 MPH)
Top of the 2nd over - 0 runs, 0 hits, 0 errors, 0 left on base; Washington 0 - Texas 1
BOTTOM OF THE 2ND
Texas Rangers batting - Pitching for Washington Nationals : RHP Chris Lange
Batting: SHB Yeferson Tineo 0-0: Foul Ball, location: 2F
0-1: Ground out 6-3 (Groundball, 56, EV 80.6 MPH)
Batting: RHB Davis Wendzel 0-0: Called Strike
0-1: Called Strike
0-2: Strikes out swinging
Batting: SHB Leody Taveras 0-0: Ball
1-0: Ball
2-0: Foul Ball, location: 2F
2-1: Swinging Strike
2-2: Strikes out swinging
Bottom of the 2nd over - 0 runs, 0 hits, 0 errors, 0 left on base; Washington 0 - Texas 1
TOP OF THE 3RD
Washington Nationals batting - Pitching for Texas Rangers : LHP Brock Burke
Batting: RHB Armando Cruz 0-0: Called Strike
0-1: Ball
1-1: Foul Ball, location: 2F
1-2: Ball
2-2: Strikes out swinging
Batting: LHB Luis Guillorme 0-0: Ball
1-0: Foul Ball, location: 2F
1-1: Called Strike
1-2: Foul Ball, location: 2F
1-2: Strikes out swinging
Batting: LHB Max Kepler 0-0: Foul Ball, location: 2F
0-1: Called Strike
0-2: Ball
1-2: Strikes out swinging
Top of the 3rd over - 0 runs, 0 hits, 0 errors, 0 left on base; Washington 0 - Texas 1
BOTTOM OF THE 3RD
Texas Rangers batting - Pitching for Washington Nationals : RHP Chris Lange
Pitching: LHP Mike Lomas
Batting: RHB Matt Whatley 0-0: Ball
1-0: Ball
2-0: Called Strike
2-1: Called Strike
2-2: Strikes out swinging
Batting: RHB Vladimir Guerrero Jr. 0-0: Ball
1-0: Called Strike
1-1: SINGLE (Line Drive, 56, EV 97.5 MPH)
Batting: RHB Chris Baldino 0-0: Ball
1-0: Called Strike
1-1: Ball
2-1: Foul Ball, location: 2F
2-2: Strikes out looking
Batting: RHB Jose Abreu 0-0: Swinging Strike
0-1: Ball
1-1: Swinging Strike
1-2: Strikes out swinging
Bottom of the 3rd over - 0 runs, 1 hit, 0 errors, 1 left on base; Washington 0 - Texas 1
TOP OF THE 4TH
Washington Nationals batting - Pitching for Texas Rangers : LHP Brock Burke
Batting: RHB Pedro Pineda 0-0: Ball
1-0: Swinging Strike
1-1: Called Strike
1-2: Ball
2-2: Ball
3-2: Foul Ball, location: 2F
3-2: Ground out 4-3 (Groundball, 4S, EV 77.5 MPH)
Batting: LHB Greg Hohenberger 0-0: Foul Ball, location: 2F
0-1: Foul Ball, location: 2F
0-2: Ball
1-2: Ground out 4-3 (Groundball, 4, EV 78.8 MPH)
Batting: RHB Jordan Walker 0-0: Called Strike
0-1: Called Strike
0-2: Foul Ball, location: 2F
0-2: Ground out 6-3 (Groundball, 6, EV 108.1 MPH)
Top of the 4th over - 0 runs, 0 hits, 0 errors, 0 left on base; Washington 0 - Texas 1
BOTTOM OF THE 4TH
Texas Rangers batting - Pitching for Washington Nationals : LHP Mike Lomas
Batting: RHB Josh Jung 0-0: Ball
1-0: Ball
2-0: Called Strike
2-1: Ball
3-1: Foul Ball, location: 2F
3-2: Base on Balls
Pitching: RHP Alexis Ramirez
Batting: LHB Oscar Colas 0-0: Ball
1-0: Called Strike
1-1: Foul Ball, location: 2F
1-2: Foul Ball, location: 2F
1-2: Ball
2-2: Foul Ball, location: 2F
2-2: Strikes out swinging
Batting: SHB Yeferson Tineo 0-0: Grounds into double play, 4-6-3 (Groundball, 4, EV 80.6 MPH)
Bottom of the 4th over - 0 runs, 0 hits, 0 errors, 0 left on base; Washington 0 - Texas 1
TOP OF THE 5TH
Washington Nationals batting - Pitching for Texas Rangers : LHP Brock Burke
Pitching: RHP Camilo Doval
Now at 2B: Zack Short
Now at 3B: Danyer Cueva
Now at SS: Davis Wendzel
Now in LF: Connor Scott
Now in CF: Mike Decker
Now in RF: Oscar Colas
Batting: SHB Logan Davidson 0-0: Ball
1-0: Ball
2-0: DOUBLE (Line Drive, 7LS, EV 105.0 MPH)
Batting: RHB Victor Diaz 0-0: Called Strike
0-1: Foul Ball, location: 2F
0-2: Ball
1-2: Strikes out looking
Pinch Hitting: SHB Luis Suisbel 0-0: Called Strike
0-1: Fly out, F4 (Popup, 34S, EV 73.8 MPH)
Pinch Hitting: SHB Juan Corniel 0-0: Ball
1-0: Foul Ball, location: 2F
1-1: Fly out, F8 (Line Drive, 8RD, EV 97.5 MPH)
Top of the 5th over - 0 runs, 1 hit, 0 errors, 1 left on base; Washington 0 - Texas 1
BOTTOM OF THE 5TH
Texas Rangers batting - Pitching for Washington Nationals : RHP Alexis Ramirez
Pitching: RHP Andry Lara
Now at 3B: Luis Suisbel
Now at SS: Juan Corniel
Batting: RHB Davis Wendzel 0-0: Ball
1-0: Called Strike
1-1: SOLO HOME RUN (Flyball, 7D, EV 94.4 MPH), Distance : 336 ft
Batting: LHB Mike Decker 0-0: Foul Ball, location: 2F
0-1: Ball
1-1: Fly out, F7 (Flyball, 78S, EV 90.6 MPH)
Batting: RHB Matt Whatley 0-0: Called Strike
0-1: Fly out, F4 (Popup, 23, EV 83.8 MPH)
Batting: RHB Vladimir Guerrero Jr. 0-0: Called Strike
0-1: Ball
1-1: Swinging Strike
1-2: Foul Ball, location: 2F
1-2: Strikes out swinging
Bottom of the 5th over - 1 run, 1 hit, 0 errors, 0 left on base; Washington 0 - Texas 2
TOP OF THE 6TH
Washington Nationals batting - Pitching for Texas Rangers : RHP Camilo Doval
Pitching: RHP Justin Slaten
Batting: LHB Luis Guillorme 0-0: Called Strike
0-1: Fly out, F8 (Flyball, 8LD, EV 105.0 MPH)
Pinch Hitting: LHB Danny Cuevas 0-0: Called Strike
0-1: Called Strike
0-2: Ground out 5-3 (Groundball, 15, EV 85.0 MPH)
Pinch Hitting: LHB Ben Bloom 0-0: Called Strike
0-1: Fly out, F4 (Line Drive, 4, EV 64.4 MPH)
Top of the 6th over - 0 runs, 0 hits, 0 errors, 0 left on base; Washington 0 - Texas 2
BOTTOM OF THE 6TH
Texas Rangers batting - Pitching for Washington Nationals : RHP Andry Lara
Now in CF: Ben Bloom
Now in RF: Danny Cuevas
Batting: LHB Connor Scott 0-0: Ball
1-0: Ball
2-0: Ball
3-0: Called Strike
3-1: Base on Balls
Pinch Hitting: RHB Andy Madison 0-0: Ball
1-0: Ball
2-0: Ball
3-0: Called Strike
3-1: Called Strike
3-2: Base on Balls
Connor Scott to second
Batting: RHB Zack Short 0-0: Called Strike
0-1: Called Strike
0-2: Strikes out looking
Pitching: RHP Cole Henry
Pinch Hitting: LHB Dave Thomas 0-0: Foul Ball, location: 2F
0-1: Fly out, F9 (Flyball, 9LMF, EV 80.6 MPH)
Batting: LHB Danyer Cueva 0-0: Ball
1-0: Ball
2-0: Swinging Strike
2-1: Ball
3-1: Swinging Strike
3-2: Strikes out swinging
Bottom of the 6th over - 0 runs, 0 hits, 0 errors, 2 left on base; Washington 0 - Texas 2
TOP OF THE 7TH
Washington Nationals batting - Pitching for Texas Rangers : RHP Justin Slaten
Now at 1B: Andy Madison
Now in LF: Dave Thomas
Now in RF: Connor Scott
Pinch Hitting: RHB Kevin Wengel 0-0: Swinging Strike
0-1: Swinging Strike
0-2: Strikes out looking
Batting: RHB Jordan Walker 0-0: Swinging Strike
0-1: DOUBLE (Groundball, 5L, EV 108.1 MPH)
Batting: RHB Francisco Alvarez 0-0: Foul Ball, location: 2F
0-1: SINGLE (Line Drive, 7S, EV 96.9 MPH)
Jordan Walker to third
Runner from 3rd tries for Home, SAFE, throw by LF to home
Batting: RHB Victor Diaz 0-0: Called Strike
0-1: SINGLE (Groundball, 6MD, EV 99.4 MPH)
Francisco Alvarez to second
Batting: SHB Luis Suisbel 0-0: Ball
Wild Pitch!
Francisco Alvarez to third
Victor Diaz to second
1-0: Foul Ball, location: 2F
1-1: Called Strike
1-2: Strikes out looking
Pitching: RHP Josh Wolf
Batting: SHB Juan Corniel 0-0: Ball
1-0: Called Strike
1-1: Ground out 6-3 (Groundball, 6, EV 103.8 MPH)
Top of the 7th over - 1 run, 3 hits, 0 errors, 2 left on base; Washington 1 - Texas 2
BOTTOM OF THE 7TH
Texas Rangers batting - Pitching for Washington Nationals : RHP Cole Henry
Now in LF: Kevin Wengel
Pinch Hitting: RHB Eugenio Suarez 0-0: Called Strike
0-1: Ground out 4-3 (Groundball, 34, EV 86.2 MPH)
Batting: LHB Mike Decker 0-0: Ball
1-0: Called Strike
1-1: Swinging Strike
1-2: Ball
2-2: Foul Ball, location: 2F
2-2: SINGLE (Groundball, 34D, EV 98.1 MPH)
Batting: RHB Matt Whatley 0-0: Ball
Mike Decker is caught stealing 2nd base 2-4
1-0: Ball
2-0: Called Strike
2-1: Ball
3-1: Foul Ball, location: 2F
3-2: Strikes out swinging
Bottom of the 7th over - 0 runs, 1 hit, 0 errors, 0 left on base; Washington 1 - Texas 2
TOP OF THE 8TH
Washington Nationals batting - Pitching for Texas Rangers : RHP Josh Wolf
Pitching: RHP Mike Roberts
Now at 1B: Eugenio Suarez
Now at 3B: Andy Madison
Now at SS: Danyer Cueva
Pinch Hitting: SHB Jared Billings 0-0: Called Strike
0-1: Ball
1-1: Ball
2-1: Foul Ball, location: 2F
2-2: Foul Ball, location: 2F
2-2: Strikes out swinging
Pitching: RHP Santiago Florez
Batting: LHB Danny Cuevas 0-0: Ball
1-0: Ground out 5-3 (Groundball, 5S, EV 78.8 MPH)
Batting: LHB Ben Bloom 0-0: Ball
1-0: Called Strike
1-1: Ball
2-1: Ball
3-1: Ground out 5-3 (Groundball, 5, EV 78.8 MPH)
Top of the 8th over - 0 runs, 0 hits, 0 errors, 0 left on base; Washington 1 - Texas 2
BOTTOM OF THE 8TH
Texas Rangers batting - Pitching for Washington Nationals : RHP Cole Henry
Pitching: LHP Kyle Nelson
Now at 2B: Jared Billings
Batting: SHB Jonah Heim 0-0: Foul Ball, location: 2F
0-1: Ball
1-1: Ball
2-1: SINGLE (Groundball, 56S, EV 65.0 MPH) (infield hit)
Batting: LHB Connor Scott 0-0: Called Strike
0-1: DOUBLE (Line Drive, 5D, EV 95.0 MPH)
Jonah Heim to third
Runner from 3rd tries for Home, SAFE, no throw by LF
Batting: RHB Andy Madison 0-0: Ball
1-0: Ball
2-0: Ball
3-0: Called Strike
3-1: Base on Balls
Batting: RHB Zack Short 0-0: Swinging Strike
0-1: Grounds into double play, 5-4-3 (Groundball, 56, EV 104.4 MPH)
Connor Scott to third
Batting: LHB Dave Thomas 0-0: Fly out, F9 (Flyball, 9D, EV 93.1 MPH)
Bottom of the 8th over - 1 run, 2 hits, 0 errors, 1 left on base; Washington 1 - Texas 3
TOP OF THE 9TH
Washington Nationals batting - Pitching for Texas Rangers : RHP Santiago Florez
Batting: RHB Kevin Wengel 0-0: Ball
1-0: Called Strike
1-1: Swinging Strike
1-2: Strikes out swinging
Batting: RHB Jordan Walker 0-0: Foul Ball, location: 2F
0-1: Ball
1-1: Ball
2-1: Foul Ball, location: 2F
2-2: Strikes out looking
Pitching: RHP Dane Dunning
Batting: SHB Estiven Machado 0-0: Called Strike
0-1: Ground out 6-3 (Groundball, 6, EV 84.4 MPH)
Top of the 9th over - 0 runs, 0 hits, 0 errors, 0 left on base; Washington 1 - Texas 3
Monday, January 23rd , 2023 - OOTP Baseball 23.10 Build 103